 Dungeon Crawl Stone Soup version 0.26-a0-597-gb535b0901c (webtiles) character file.

Game seed: 5557825139393764773

84 Lugonue the Ruffian (level 4, 0/52 HPs)
             Began as a Draconian Transmuter on Sept 8, 2020.
             Succumbed to an orc's poison
             ... on level 3 of the Dungeon.
             The game lasted 00:02:58 (1761 turns).

Lugonue the Ruffian (Draconian Transmuter)          Turns: 1761, Time: 00:02:58

Health: 0/52       AC: 22    Str: 13    XL:     4   Next: 23%
Magic:  6/8        EV:  2    Int: 14    God:
Gold:   84         SH:  0    Dex: 11    Spells: 7/8 levels left

rFire    . . .     SeeInvis .     - Unarmed
rCold    . . .     Faith    .   (no shield)
rNeg     + + +     Spirit   .   (armour unavailable)
rPois    +         Reflect  .   (helmet currently unavailable)
rElec    .         Harm     .   (cloak currently unavailable)
rCorr    .         NoTele   +   (gloves currently unavailable)
MR       .....                  (boots currently unavailable)
Stlth    +.........             (no amulet)
HPRegen  0.17/turn              (no ring)
MPRegen  0.11/turn              (no ring)

@: mighty, lethally poisoned (0 -> -9), tree-form (expiring)
A: unfitting armour, AC +5
a: no special abilities


You were on level 3 of the Dungeon.
You were a tree.
You visited 1 branch of the dungeon, and saw 3 of its levels.

You collected 84 gold pieces.

Inventory:

Armour
 e - a +0 pair of boots (melded)
Scrolls
 c - a scroll of noise {unknown}
 d - a scroll of identify {unknown}


   Skills:
 + Level 1.6 Fighting
 + Level 2.2 Dodging
 + Level 0.2 Stealth
 + Level 3.8 Unarmed Combat
 * Level 2.6 Spellcasting
 + Level 2.4 Transmutations


You had 7 spell levels left.
You knew the following spells:

 Your Spells              Type           Power        Failure   Level
a - Beastly Appendage     Tmut           #.....       9%          1

Your spell library contained the following spells:

 Spells                   Type           Power        Failure   Level
 Wereblood                Tmut           #.......     12%         2
 Spider Form              Tmut/Pois      #.........   38%         3
 Ice Form                 Ice/Tmut       #.......     80%         4
 Blade Hands              Tmut           #.........   92%         5


Dungeon Overview and Level Annotations

Branches:
Dungeon (3/15)

Altars:
Fedhas

Annotations:
D:2 Robin
D:3 Natasha


Innate Abilities, Weirdness & Mutations

((Your plain brown scales are hard. (AC +5)))
You cannot fit into any form of body armour.
((You are cold-blooded and may be slowed by cold attacks.))


Message History

You smack the quokka!
You kill the quokka!
The bat hits you but does no damage. The orc hits you but does no damage.
The adder bites you.
* * * LOW HITPOINT WARNING * * *
You barely miss the orc. The orc hits you but does no damage.
You are more poisoned.
The adder bites you but does no damage. The giant cockroach barely misses you.
The orc hits you but does no damage.
You smack the orc!
You kill the orc!
* * * LOW HITPOINT WARNING * * *
You feel sick. The adder barely misses you. The orc completely misses you.
The giant cockroach bites you but does no damage.
The dart slug launches a dart at you. The slug dart misses you.
The slug dart hits the adder.
You closely miss the adder.
The adder is severely wounded.
Your transformation is almost over.
You die...

#.# .# .. .# #.# #.#### ..
.....### #.#.........
.w.?....... .....
#)55....... 5....
#♣#+#...... ......
#Sso......! ......
#hb....... .$..r.#####
#..>..### ...r..b...#
####'######
........#.#####.s..?.^...#
.......<...[..'.r.........
....$...#....##.......$...
.............##...........


You could see Natasha, a crimson imp (summoned), an adder, a white imp
(summoned), a dart slug, an orc, a giant cockroach and a bat.

Vanquished Creatures
  An orc priest (D:3)
  2 adders
  A dart slug (D:1)
  2 leopard geckos (D:1)
  2 orcs (D:3)
  2 giant cockroaches (D:1)
  4 goblins
  3 hobgoblins
  4 kobolds
  A quokka (D:3)
  7 bats
  A frilled lizard (D:1)
  2 rats
32 creatures vanquished.

Vanquished Creatures (others)
  A plant (D:2)
1 creature vanquished.

Grand Total: 33 creatures vanquished

Notes
Turn   | Place    | Note
-------+----------+-------------------------------------------
     0 | D:1      | Lugonue the Draconian Transmuter began the quest for the
                  | Orb.
     0 | D:1      | Reached XP level 1. HP: 16/16 MP: 3/3
   298 | D:1      | Reached XP level 2. HP: 23/23 MP: 5/5
  1501 | D:2      | Reached XP level 3. HP: 23/28 MP: 4/6
  1721 | D:2      | Found a blossoming altar of Fedhas.
  1722 | D:2      | Noticed Robin
  1738 | D:3      | Noticed Natasha
  1755 | D:3      | HP: 2/42 [orc/+0 trident of venom (2)]
  1757 | D:3      | Reached XP level 4. HP: 3/35 MP: 6/8
  1760 | D:3      | HP: 1/52 [poisoned by an orc]
  1761 | D:3      | Succumbed to an orc's poison

Illustrated notes

Levels and vault maps discovered:
D:1:      dpeg_arrival_signposts, layout_basic
D:2:      layout_basic, fedhas_ov_isle_minmay, uniq_robin
D:3:      layout_basic, old_standard_altar, uniq_sigmund, uniq_natasha

Skill      XL: |  1  2 |
---------------+-------+-----
Dodging        | 2 |  2.2
Fighting       | |  1.6
Stealth        | |  0.2
Unarmed Combat | |  3.8
Spellcasting   | |  2.6
Transmutations | |  2.4

Action                   |  1- 3 |  4- 6 || total
-------------------------+-------+-------++-------
Melee: Unarmed           |    92 |     4 ||    96
       Kick              |     9 |       ||     9
       Headbutt          |     4 |       ||     4
       Tailslap          |     4 |       ||     4
 Cast: Beastly Appendage |    11 |       ||    11
  Use: Potion            |     3 |       ||     3
 Stab: Sleeping          |     1 |       ||     1
Armor: Skin              |    79 |     8 ||    87
Dodge: Dodged            |    77 |     6 ||    83

Table legend: (Time is in decaauts)
 A = Elapsed time spent in this place.
 B = Non-inter-level travel time spent in this place.
 C = Inter-level travel time spent in this place.
 D = Time resting spent in this place.
 E = Time spent auto-exploring this place.
 F = Levels seen in this place.
 G = Mean time per level.
                   A        B        C        D        E       F      G
               +--------+--------+--------+--------+--------+-----+--------+
         Total |   1754 |   1683 |     71 |      0 |   1441 |   3 |  584.7 |
       Dungeon |   1754 |   1683 |     71 |      0 |   1441 |   3 |  584.7 |
               +--------+--------+--------+--------+--------+-----+--------+

Top non-repeatable levels by time:
     D:1: 1285 daAuts
     D:2: 434 daAuts
     D:3: 34 daAuts
